 Dungeon Crawl Stone Soup version 0.29.1-2-gbd0b4ee654 (console) character file.

Game seed: 15181090899141861561

109456 om the Executioner (level 16, -5/134 HPs)
             Began as a Minotaur Berserker on Oct 31, 2022.
             Was a High Priest of Trog.
             Slain by a sea snake (13 damage)
             ... on level 2 of the Shoals on Nov 1, 2022.
             The game lasted 01:03:11 (32748 turns).

om the Executioner (Minotaur Berserker)            Turns: 32748, Time: 01:03:12

Health: -5/134     AC: 30    Str: 32    XL:     16   Next: 4%
Magic:  0/8        EV: 13    Int:  4    God:    Trog [*****.]
Gold:   211        SH:  0    Dex: 15    Spells: 15/15 levels left

rFire   . . .      SeeInvis .   a - +2 executioner's axe (antimagic)
rCold   . . .      Faith    .   (shield currently unavailable)
rNeg    . . .      Spirit   +   L - +3 plate armour
rPois   +          Reflect  .   (helmet restricted)
rElec   +          Harm     .   G - +2 cloak
rCorr   .          Rampage  .   j - +2 pair of gloves {Dex+3}
Will    +++..                   C - +1 pair of boots of the Slug {Str+2}
Stlth   ..........              s - amulet of guardian spirit
HPRegen 1.32/turn               B - ring of Paranoia {rElec rPois MP+9}
MPRegen 0.11/turn               P - ring "Butruow" {Wiz Str+2 Slay+2}

@: strong-willed, on berserk cooldown, regenerating, slowed, studying Armour,
very slow
A: horns 2, retaliatory headbutt
a: Renounce Religion, Berserk, Trog's Hand, Brothers in Arms


You were on level 2 of the Shoals.
You worshipped Trog.
Trog was extremely pleased with you.
You visited 4 branches of the dungeon, and saw 24 of its levels.
You also visited: Gauntlet and Ice Cave.

You collected 2921 gold pieces.
You spent 2710 gold pieces at shops.

Inventory:

Hand Weapons
 a - a +2 antimagic executioner's axe (weapon)
 b - the +8 sling "Thing" {freeze, rPois rN+}
   (You found it on level 2 of the Lair of Beasts)

   Any ammunition fired from it freezes those it strikes, dealing additional
   cold damage.
   It can also slow down cold-blooded creatures.
   rPois:     It protects you from poison.
   rN:        It protects you from negative energy.
 W - a +1 broad axe of flaming
Missiles
 A - a throwing net (quivered)
Armour
 j - a +2 pair of gloves of dexterity (worn)
 C - the +1 pair of boots of the Slug (worn) {Str+2}
   (You found it on level 1 of the Lair of Beasts)

   Str:       It affects your strength (+2).
 G - a +2 cloak (worn)
 K - a +1 scale mail of cold resistance
 L - a +3 plate armour (worn)
 N - a +2 chain mail of poison resistance
 S - the +2 scale mail "Lohisuqea" {rCorr MP-9 Slay+6}
   (You found it on level 2 of the Lair of Beasts)

   Slay:      It affects your accuracy & damage with ranged weapons and melee
   (+6).
   MP:        It affects your magic capacity (-9).
   rCorr:     It protects you from acid and corrosion.
Jewellery
 g - a +6 ring of intelligence
 h - a +6 ring of dexterity
 k - a ring of fire
 q - a ring of protection from cold
 s - an amulet of guardian spirit (around neck)
 B - the ring of Paranoia (left hand) {rElec rPois MP+9}
   (You acquired it on level 15 of the Dungeon)

   [ring of magical power]

   rElec:     It insulates you from electricity.
   rPois:     It protects you from poison.
   MP:        It affects your magic capacity (+9).
 P - the ring "Butruow" (right hand) {Wiz Str+2 Slay+2}
   (You found it in a Gauntlet)

   [ring of wizardry]

   It improves your spell success rate.
   Str:       It affects your strength (+2).
   Slay:      It affects your accuracy & damage with ranged weapons and melee
   (+2).
 U - a ring of willpower
 X - a ring of willpower
 Y - an amulet of magic regeneration
 Z - a +4 ring of evasion
Wands
 w - a wand of iceblast (21)
 x - a wand of polymorph (7)
 y - a wand of charming (20)
 R - a wand of flame (25)
 T - a wand of mindburst (10)
 V - a wand of digging (9)
Scrolls
 e - 4 scrolls of immolation
 f - 8 scrolls of teleportation
 p - 6 scrolls of magic mapping {!r}
 t - 5 scrolls of enchant armour {!r}
 u - 4 scrolls of enchant weapon {!r}
 v - 2 scrolls of vulnerability
 z - 3 scrolls of fog
 D - a scroll of identify
 E - a scroll of summoning
Potions
 c - a potion of haste
 d - 2 potions of flight
 i - 4 potions of might
 m - 6 potions of attraction
 n - 3 potions of lignification
 o - 3 potions of heal wounds
 r - a potion of berserk rage
 F - a potion of magic
 H - a potion of invisibility
 I - 2 potions of cancellation
 M - 3 potions of mutation
 Q - 2 potions of curing
Miscellaneous
 O - a box of beasts


   Skills:
 - Level 10.0 Fighting
 + Level 22.7 Axes
 * Level 12.9 Ranged Weapons
 * Level 16.5 Armour
 - Level 10.7 Dodging
 - Level 5.0 Evocations


You had 15 spell levels left.
You didn't know any spells.
Your spell library was empty.

Dungeon Overview and Level Annotations

Branches:
Dungeon (15/15)            Temple (0/1) D:4            Lair (5/5) D:9
 Shoals (2/4) Lair:3        Snake (0/4) Lair:2          Orc (2/2) D:11
    Elf (0/3) Orc:2        Vaults (0/5) D:13         Depths (0/4) D:15
  IceCv (visited)         Gauntlet (visited)
  Slime: Lair:4-5

Altars:
Fedhas
Uskayaw
Xom
Jiyva

Shops:
D:2 :*?   D:7 !   D:11 [   D:15 [**   Orc:1 =**([   Orc:2 ?*=[

Portals:
Trove: D:11 (give +7 demon whip)

Annotations:
D:6 2 transporters, DemonSlayer's ghost, novice DsFE
D:14 2 transporters


Innate Abilities, Weirdness & Mutations

You have a pair of horns on your head.
You reflexively headbutt those who attack you in melee.


Message History

You feel sick.
You feel a strong urge to attack something.
You are no longer berserk.
You are exhausted.
You feel yourself slow down.
You feel sick.
As you read the scroll of fear, it crumbles to dust.
You assume a fearsome visage.
The merfolk impaler looks frightened!
The merfolk looks frightened! x2; The snapping turtle looks frightened!
You feel sick.
You feel sick.
You feel sick.
You feel sick.
You are no longer poisoned.
The sea snake closely misses you.
Okay, then.
Your ogre goes berserk!
The sea snake bites you but does no damage.
The merfolk misses you.
The merfolk hits you from afar with a +0 glaive!
* * * LOW HITPOINT WARNING * * *
The sea snake barely misses you. You furiously retaliate!
You headbutt the sea snake. The merfolk barely misses you.
The merfolk hits you but does no damage.
Your skin crawls.
You feel strong-willed. The sea snake barely misses you.
The merfolk hits you from afar with a +0 trident.
* * * LOW HITPOINT WARNING * * *
The merfolk hits you but does no damage.
The sea snake closely misses you.
Your ogre hits the merfolk with a +0 giant spiked club!!
Something hits your ogre! The sea snake bites you.
* * * LOW HITPOINT WARNING * * *
Something hits your ogre!!
The merfolk hits your ogre with a +0 trident!
Your ogre dies!
Your ogre's corpse disappears in a puff of smoke!
The merfolk hits you but does no damage.
The sea snake bites you!
You die...

##......##.~~~~~..~~..#..≈≈
.#).~........~~.......##).≈≈
...~~~..(....~~..# #....≈~≈
...~~~~~~~~~÷~~..# ##S.<~≈m≈
..~~~mm~~~~~~~)..###.m>.~≈≈≈
~.m~≈t~....~≈≈~~.....###.≈≈~
~~~~≈~~m†...~~~~~.).## #....
≈≈≈≈≈~).###.~~≈~~~..# ##..#
≈≈≈≈~~.<# #@S~≈≈~~.## #..#
≈≈≈≈~~m.###..~≈≈~..# .##
≈≈≈≈≈~~..mm.~~≈≈~.## ..
≈≈≈≈≈~~~tm§~~~≈≈~..
≈≈≈≈≈≈~~~~~~~≈≈≈~~..
≈≈≈≈≈≈≈~~~~≈≈≈≈≈≈~~
≈≈≈≈≈≈≈≈≈≈≈≈≈≈≈≈≈~~
≈≈≈≈≈≈≈≈≈≈≈≈≈≈≈≈≈≈≈
≈≈≈≈≈≈≈≈≈≈≈≈≈≈≈≈≈≈≈


You could see a sea snake and 2 merfolk.

Vanquished Creatures
  A titan (Shoals:1)
  2 krakens (Shoals:1)
  A frost giant (IceCv)
  A reaper (Gauntlet)
  Nessos (Orc:2)
  Azrael (D:12)
  A dire elephant (D:15)
  A spark wasp (shapeshifter) (Gauntlet)
  A minotaur (Gauntlet)
  Snorg (D:12)
  A great orb of eyes (D:15)
  A merfolk impaler (Shoals:1)
  10 hydras
  Erolcha (D:12)
  3 ogre magi
  2 boulder beetles
  2 vault guards (D:13)
  15 two-headed ogres
  2 centaur warriors
  A catoblepas (Gauntlet)
  2 merfolk avatars
  4 tengu warriors
  Urug (D:11)
  9 death yaks
  An orc high priest (Orc:1)
  Sonja (Lair:3)
  13 skeletal warriors
  6 sea snakes (Shoals:1)
  Lodul (D:11)
  2 deep trolls (Orc:2)
  4 orc knights
  5 harpies (Shoals:1)
  A deep elf pyromancer (D:14)
  An orc sorcerer (Orc:1)
  3 manticores
  5 fauns
  4 ugly things
  5 cyclopes
  Maurice (Orc:1)
  2 merfolk sirens (Shoals:1)
  A black mamba (Lair:2)
  A water nymph (Shoals:2)
  An ice statue (IceCv)
  2 orange demons (D:11)
  Joseph (D:9)
  A gargoyle (Gauntlet)
  6 cane toads
  3 unseen horrors
  9 rime drakes
  A kobold demonologist (D:10)
  11 komodo dragons
  2 minotaur zombies (Gauntlet)
  An efreet (D:14)
  Psyche (D:11)
  A tengu conjurer (D:14)
  2 hellwings
  2 merfolk (Shoals:2)
  A wind drake (shapeshifter) (D:15)
  A wind drake (Shoals:1)
  6 polar bears
  A meliai (shapeshifter) (Gauntlet)
  15 trolls
  9 blink frogs
  5 slime creatures
  3 snapping turtles
  4 dream sheep (Shoals:1)
  A shadow (D:10)
  29 yaks
  A vampire (D:12)
  2 wraiths
  9 humans (D:13)
  2 basilisks
  Grum (D:11)
  A wyvern (Lair:2)
  Menkaure (D:5)
  2 fire elementals (D:12)
  11 vampire mosquitoes
  3 wargs
  7 nagas (Lair:2)
  2 acid dragons
  2 swamp worms (D:9)
  4 hell hounds (D:12)
  9 water moccasins
  A sky beast (D:7)
  An ice beast (D:6)
  19 orc warriors
  A black bear (D:7)
  9 centaurs
  30 ogres
  19 wolves
  A phantom (D:4)
  3 necrophages (D:5)
  11 bullfrogs
  A gnoll sergeant (D:11)
  2 scorpions
  3 howler monkeys (D:8)
  4 crimson imps (D:15)
  3 hounds
  A quasit (D:11)
  15 orc priests
  5 jellies
  A gnoll bouda (D:9)
  Jessica (D:3)
  6 iguanas
  22 orc wizards
  11 gnolls
  11 adders
  A river rat (shapeshifter) (Gauntlet)
  A shadow imp (D:7)
  2 white imps
  An ufetubus (D:4)
  A worm (D:2)
  5 dart slugs
  69 orcs
  7 bats
  4 endoplasms
  2 giant cockroaches (D:2)
  5 goblins
  10 hobgoblins
  11 jackals
  4 kobolds
  6 ball pythons
  3 frilled lizards
  2 rats
  7 tentacles (Shoals:1)
620 creatures vanquished.

Vanquished Creatures (collateral kills)
  An orc warlord (Orc:1)
  A polar bear (IceCv)
  A yak (IceCv)
  An orc warrior (Orc:1)
  A wolf (IceCv)
  3 orcs (Orc:1)
8 creatures vanquished.

Vanquished Creatures (others)
  A human (D:13)
  An orc wizard (Orc:2)
  21 demonic plants
  19 fungi
  53 plants
  6 tentacles (Shoals:1)
101 creatures vanquished.

Grand Total: 729 creatures vanquished

Notes
Turn   | Place    | Note
-------+----------+-------------------------------------------
     0 | D:1      | om the Minotaur Berserker began the quest for the Orb.
     0 | D:1      | Reached XP level 1. HP: 19/19 MP: 0/0
   966 | D:2      | Found Heili's Magic Scroll Emporium.
   971 | D:2      | Reached skill level 4 in Axes
   971 | D:2      | Reached XP level 2. HP: 27/27 MP: 1/1
   998 | D:2      | Bought a scroll of identify for 28 gold pieces
  1255 | D:2      | Found Ytoff's Assorted Antiques.
  1272 | D:2      | Found Wyubunec's Book Shoppe.
  1280 | D:2      | Reached XP level 3. HP: 29/33 MP: 2/2
  1507 | D:2      | Bought a scroll labelled BIVVU OZIUSA for 28 gold pieces
  1507 | D:2      | Bought a scroll labelled ELLYOCEPP BAIXTU for 28 gold
                  | pieces
  1642 | D:2      | Reached ** piety under Trog
  1955 | D:3      | You fall into a shaft and drop 1 floor!
  1966 | D:4      | Reached XP level 4. HP: 38/40 MP: 3/3
  2005 | D:4      | Reached skill level 5 in Axes
  2113 | D:3      | Found a faded altar of an unknown god.
  2294 | D:3      | Noticed Jessica
  2299 | D:3      | Killed Jessica
  2487 | D:3      | Reached XP level 5. HP: 39/46 MP: 4/4
  2815 | D:3      | Reached skill level 6 in Axes
  3026 | D:3      | Reached XP level 6. HP: 52/52 MP: 5/5
  3065 | D:3      | Reached *** piety under Trog
  3110 | D:4      | Found a staircase to the Ecumenical Temple.
  3286 | D:4      | Found the amulet of Elemental Vulnerability {rPois rF--
                  | rC-- AC+8}
  3579 | D:5      | Entered Level 5 of the Dungeon
  3593 | D:5      | Reached skill level 7 in Axes
  3593 | D:5      | Reached XP level 7. HP: 20/59 MP: 6/6
  3819 | D:5      | Reached skill level 5 in Armour
  3822 | D:5      | Reached skill level 8 in Axes
  3825 | D:5      | Reached skill level 5 in Dodging
  3892 | D:2      | Bought a scroll of magic mapping for 105 gold pieces
  4000 | D:5      | Noticed Menkaure
  4156 | D:5      | Killed Menkaure
  4157 | D:5      | Reached skill level 9 in Axes
  4157 | D:5      | Reached XP level 8. HP: 58/66 MP: 7/7
  4845 | D:6      | Reached skill level 10 in Axes
  4915 | D:6      | Noticed DemonSlayer's ghost (novice DsFE)
  4915 | D:6      | Noticed a gargoyle
  4923 | D:6      | Found a transporter.
  4926 | D:6      | Found a transporter.
  5751 | D:7      | Reached skill level 5 in Fighting
  6310 | D:7      | Reached skill level 11 in Axes
  6371 | D:7      | Found Ofowony's Distillery.
  6378 | D:7      | Reached XP level 9. HP: 68/74 MP: 8/8
  7049 | D:7      | Reached skill level 12 in Axes
  7243 | D:8      | Reached skill level 13 in Axes
  7410 | D:8      | Found a hide-covered altar of Uskayaw.
  7635 | D:8      | Reached **** piety under Trog
  7646 | D:8      | Reached skill level 1 in Evocations
  8516 | D:9      | Found a staircase to the Lair.
  8517 | D:9      | Noticed a komodo dragon
  8530 | D:9      | Killed a komodo dragon
  8593 | Lair:1   | Entered Level 1 of the Lair of Beasts
  8603 | Lair:1   | Identified the +1 pair of boots of the Slug {Str+2}
  8665 | Lair:1   | Reached XP level 10. HP: 86/86 MP: 9/9
  8671 | Lair:1   | Reached skill level 14 in Axes
  8727 | Lair:1   | Noticed a four-headed hydra
  8733 | Lair:1   | Killed a one-headed hydra
  9143 | D:9      | Noticed Joseph
  9153 | D:9      | Killed Joseph
  9154 | D:9      | Reached skill level 15 in Axes
  9799 | D:9      | Identified a scroll of acquirement
 10021 | D:10     | Entered Level 10 of the Dungeon
 10021 | D:10     | Noticed a two-headed ogre
 10025 | D:10     | Killed a two-headed ogre
 10129 | D:10     | Noticed a two-headed ogre
 10141 | D:10     | Killed a two-headed ogre
 10142 | D:10     | Reached skill level 16 in Axes
 10142 | D:10     | Reached XP level 11. HP: 61/92 MP: 10/10
 10374 | D:10     | Noticed a two-headed ogre
 10377 | D:10     | Killed a two-headed ogre
 10473 | D:10     | Identified the +8 whip "Impbane" {freeze, Will+ Dex+6}
 10621 | D:10     | Found a blossoming altar of Fedhas.
 10846 | D:11     | Found a portal to a secret trove of treasure.
 10911 | D:11     | Noticed Grum
 10925 | D:11     | Killed Grum
 10965 | D:11     | Found Odghitson's Armour Boutique.
 10967 | D:11     | Noticed an orc knight
 10985 | D:11     | Found a frozen archway.
 10994 | IceCv    | Entered an ice cave
 11105 | IceCv    | Noticed a death yak
 11115 | IceCv    | Reached skill level 10 in Armour
 11119 | IceCv    | Reached skill level 17 in Axes
 11125 | IceCv    | Killed a death yak
 11244 | IceCv    | Noticed a death yak
 11247 | IceCv    | Noticed a death yak
 11252 | IceCv    | Killed a death yak
 11253 | IceCv    | Reached skill level 18 in Axes
 11255 | IceCv    | Killed a death yak
 11865 | IceCv    | Reached XP level 12. HP: 78/100 MP: 11/11
 11967 | IceCv    | Noticed a death yak
 11968 | IceCv    | Noticed a death yak
 11979 | IceCv    | Killed a death yak
 11983 | IceCv    | Killed a death yak
 12076 | IceCv    | Noticed a frost giant
 12076 | IceCv    | Noticed a death yak
 12092 | IceCv    | Killed a frost giant
 12095 | IceCv    | Reached skill level 19 in Axes
 12096 | IceCv    | Killed a death yak
 12590 | D:11     | Noticed Lodul
 12600 | D:11     | Killed Lodul
 12895 | D:11     | Noticed Psyche
 12907 | D:11     | Killed Psyche
 13222 | D:11     | Found a staircase to the Orcish Mines.
 13326 | D:11     | Noticed a boulder beetle
 13334 | D:11     | Killed a boulder beetle
 13335 | D:11     | Reached skill level 20 in Axes
 13510 | D:11     | Noticed Urug
 13528 | D:11     | Killed Urug
 13738 | D:12     | Found a gate leading to a gauntlet.
 13742 | D:12     | Noticed a tengu warrior
 13743 | D:12     | Noticed a tengu warrior
 13749 | D:12     | Killed a tengu warrior
 13756 | D:12     | Killed a tengu warrior
 13761 | Gauntlet | Entered a Gauntlet
 13761 | Gauntlet | Found a transporter.
 13761 | Gauntlet | Found a large runed translucent door.
 13761 | Gauntlet | Found a large runed translucent door.
 13761 | Gauntlet | Found a large runed translucent door.
 13761 | Gauntlet | Found a large runed translucent door.
 13761 | Gauntlet | Found a runed translucent door.
 13761 | Gauntlet | Found a runed translucent door.
 13761 | Gauntlet | Found a large runed translucent door.
 13761 | Gauntlet | Found a large runed translucent door.
 13761 | Gauntlet | Found a large runed translucent door.
 13761 | Gauntlet | Found a large runed translucent door.
 13761 | Gauntlet | Found a large runed translucent door.
 13761 | Gauntlet | Found a large runed translucent door.
 13870 | Gauntlet | Found a large runed translucent door.
 13870 | Gauntlet | Found a large runed translucent door.
 13879 | Gauntlet | Found a transporter.
 13894 | Gauntlet | Found a transporter.
 13899 | Gauntlet | Found a transporter.
 13915 | Gauntlet | Found a transporter.
 13920 | Gauntlet | Noticed a green death
 13930 | Gauntlet | Noticed a blizzard demon
 13934 | Gauntlet | Found a transporter.
 13946 | Gauntlet | Found a transporter.
 13955 | Gauntlet | Noticed a reaper
 13958 | Gauntlet | Found a transporter.
 13970 | Gauntlet | Found a transporter.
 13982 | Gauntlet | Found a transporter.
 13983 | Gauntlet | Found the brooch of Shielding {Spirit SH+8}
 13999 | Gauntlet | Found a transporter.
 13999 | Gauntlet | Found a transporter.
 14021 | Gauntlet | Found a transporter.
 14021 | Gauntlet | Found a transporter.
 14043 | Gauntlet | Found a transporter.
 14065 | Gauntlet | Found a transporter.
 14142 | Gauntlet | Found a transporter.
 14144 | Gauntlet | Noticed a spark wasp
 14160 | Gauntlet | Found a large runed translucent door.
 14161 | Gauntlet | Found a large runed translucent door.
 14165 | Gauntlet | Found a runed translucent gate.
 14165 | Gauntlet | Found a runed translucent gate.
 14165 | Gauntlet | Found a runed translucent gate.
 14167 | Gauntlet | Found a transporter.
 14169 | Gauntlet | Noticed a catoblepas
 14185 | Gauntlet | Found a large runed translucent door.
 14186 | Gauntlet | Found a large runed translucent door.
 14221 | Gauntlet | Noticed a broodmother
 14221 | Gauntlet | a goliath frog changed into a broodmother
 14230 | Gauntlet | Noticed an ettin
 14230 | Gauntlet | a broodmother changed into an ettin
 14270 | Gauntlet | Killed a catoblepas
 14271 | Gauntlet | Reached XP level 13. HP: 84/107 MP: 12/12
 14325 | Gauntlet | Noticed a fire dragon
 14393 | Gauntlet | Noticed an entropy weaver
 14423 | Gauntlet | Noticed a quicksilver ooze
 14437 | Gauntlet | Noticed a spark wasp
 14437 | Gauntlet | a quicksilver ooze changed into a spark wasp
 14448 | Gauntlet | Killed a spark wasp
 14860 | Gauntlet | Killed a reaper
 14914 | Gauntlet | Identified the ring "Butruow" {Wiz Str+2 Slay+2}
 14935 | Gauntlet | Identified the +1 longbow "Udadgh Kuno" {freeze, Fragile
                  | Str+6}
 14935 | Gauntlet | Noticed a minotaur
 14941 | Gauntlet | Killed a minotaur
 15227 | D:12     | Noticed Azrael
 15556 | D:12     | Reached skill level 21 in Axes
 15596 | D:12     | Killed Azrael
 15597 | D:12     | Reached skill level 10 in Dodging
 15607 | D:12     | Noticed Erolcha
 15914 | D:12     | Killed Erolcha
 16206 | D:12     | Found a viscous altar of Jiyva.
 16219 | D:12     | Noticed Snorg
 16228 | D:12     | Killed Snorg
 17529 | Lair:2   | Reached skill level 22 in Axes
 17564 | Lair:2   | Identified the +8 sling "Thing" {freeze, rPois rN+}
 17949 | Lair:2   | Identified the +2 scale mail "Lohisuqea" {rCorr MP-9
                  | Slay+6}
 18278 | Lair:2   | Found a staircase to the Snake Pit.
 18530 | Lair:3   | Reached skill level 1 in Ranged Weapons
 18559 | Lair:3   | Found a staircase to the Shoals.
 18730 | Lair:3   | Noticed Sonja
 18733 | Lair:3   | Killed Sonja
 19597 | Lair:4   | Reached skill level 5 in Evocations
 19597 | Lair:4   | Reached XP level 14. HP: 111/118 MP: 13/13
 20564 | Lair:5   | Entered Level 5 of the Lair of Beasts
 20756 | Orc:1    | Entered Level 1 of the Orcish Mines
 20757 | Orc:1    | Noticed Maurice
 20768 | Orc:1    | Killed Maurice
 20777 | Orc:1    | Reached skill level 5 in Ranged Weapons
 21108 | Orc:1    | Reached ***** piety under Trog
 21114 | Orc:1    | Noticed an orc warlord
 21133 | Orc:1    | Killed an orc warlord
 21480 | Orc:1    | Found Fepaqo Eno's General Store.
 21502 | Orc:1    | Bought a scroll of teleportation for 36 gold pieces
 21502 | Orc:1    | Bought a scroll of magic mapping for 90 gold pieces
 21502 | Orc:1    | Bought a potion of mutation for 96 gold pieces
 21502 | Orc:1    | Bought a wand of digging (5) for 252 gold pieces
 21559 | Orc:1    | Found Nuepupla's Weapon Emporium.
 21561 | Orc:1    | Found Reicuemo's Assorted Antiques.
 21590 | Orc:1    | Bought a scroll of identify for 44 gold pieces
 21594 | Orc:1    | Acquired 478 gold pieces
 21598 | Orc:1    | Bought a scroll of acquirement for 1144 gold pieces
 21703 | Orc:1    | Reached skill level 10 in Fighting
 21896 | Orc:1    | Found Urhasoq's Jewellery Emporium.
 21996 | Orc:2    | Entered Level 2 of the Orcish Mines
 22041 | Orc:2    | Noticed Nessos
 22825 | Orc:2    | Killed Nessos
 23713 | Orc:2    | Paralysed by an ogre mage for 3 turns
 23983 | Orc:1    | Found Jepidd's Armour Emporium.
 24049 | Orc:2    | Found Wourph's Jewellery Boutique.
 24050 | Orc:2    | Found Deresiegh's Armour Shop.
 24053 | Orc:2    | Found Gafoken's General Store.
 24062 | Orc:2    | Found Metiuw's Magic Scroll Shop.
 24071 | Orc:2    | Bought a scroll of identify for 28 gold pieces
 24071 | Orc:2    | Bought a scroll of identify for 28 gold pieces
 24142 | Orc:2    | Found a staircase to the Elven Halls.
 24772 | D:13     | Reached skill level 10 in Ranged Weapons
 24824 | D:13     | Received a gift from Trog
 24825 | D:13     | Reached XP level 15. HP: 126/126 MP: 12/14
 24853 | D:13     | Found a gate to the Vaults.
 25955 | D:14     | Found a transporter.
 26176 | D:14     | Found a transporter.
 26745 | D:15     | Entered Level 15 of the Dungeon
 26786 | D:15     | Reached skill level 15 in Armour
 26939 | D:15     | Found a staircase to the Depths.
 26940 | D:15     | Paralysed by a great orb of eyes for 2 turns
 26951 | D:15     | Found Ruytteus's Armour Emporium.
 27196 | D:15     | Found Yfyan's General Store.
 27508 | D:15     | Found Didgh's General Store.
 27652 | D:15     | Bought a potion of heal wounds for 75 gold pieces
 27965 | D:15     | Identified the +3 chain mail of Greater Demons {Str-4
                  | Int+8}
 28059 | D:15     | Found a shimmering altar of Xom.
 28409 | Shoals:1 | Entered Level 1 of the Shoals
 28449 | Shoals:1 | Noticed a kraken
 28458 | Shoals:1 | Killed a kraken
 29592 | Orc:1    | Acquired a manual of Armour
 29725 | D:15     | Bought a scroll of acquirement for 728 gold pieces
 29725 | D:15     | Acquired the ring of Paranoia {rElec rPois MP+9}
 30591 | Shoals:1 | Noticed a titan
 30634 | Shoals:1 | Killed a titan
 30738 | Shoals:1 | Noticed a kraken
 30751 | Shoals:1 | Killed a kraken
 31431 | Shoals:2 | Received a gift from Trog
 32113 | Shoals:1 | Reached XP level 16. HP: 117/134 MP: 5/15
 32748 | Shoals:2 | Slain by a sea snake

Illustrated notes

Levels and vault maps discovered:
D:1:      heliophobic_arrival_battle_scene, layout_loops_corners
D:2:      layout_rooms, serial_shops, nicolae_shop_overgrown_old_shop,
          nicolae_shop_advertising_works [nicolae_subvault_shop_adworks],
          nicolae_diamond_shop
D:3:      layout_basic, shapermc_ecumenical_altar_pompeii, uniq_jessica
D:4:      layout_cave_pools, minmay_temple_entry_trees,
          small_statue_intersection
D:5:      layout_cave_pools, uniq_menkaure
D:6:      layout_loops_corners, gammafunk_ghost_arena
D:7:      layout_layer_cave, serial_shops, shop
D:8:      layout_basic, mainiacjoe_overflow_concentric_impassable,
          reono_crystal_passage
D:9:      layout_gridville, david_lair_shrubbed, minivault_19, worms_lemuel,
          uniq_joseph
D:10:     layout_basic, mainiacjoe_overflow_paths
D:11:     layout_roguey, orc_david_3, trove_entry_hex_spiral,
          portal_ice_cave_entry_pillars_1, serial_demonic, serial_demonic_f,
          serial_demonic_f, serial_demonic_b, serial_demonic_c, uniq_lodul,
          uniq_urug, uniq_grum, uniq_psyche
D:12:     layout_long_grid, gauntlet_entry_generic, jiyva_altar_1, uniq_erolcha,
          uniq_azrael, uniq_snorg
D:13:     layout_long_grid, ximxim_vaults_locker_room, patterned_corridor
D:14:     layout_gridville, minmay_misc_feat_secret_circle, nicolae_diode_stairs
D:15:     hangedman_depths_entry_try_elsewhere_first, layout_basic,
          serial_shops, shop, nicolae_lakefront_shop, nicolae_shop_crystal,
          serial_glass, glass_columns_a, glass_columns_b,
          minmay_strange_pillars, minmay_misc_feat_enclosed, led_xom_imps
Lair:1:   layout_small_grid
Lair:2:   layout_regular_city, minmay_snake_entry_guardpost_medium
Lair:3:   layout_hall_layers, shoals_dummy_entry, grunt_megastairs_4,
          serial_bayou_shore_b, uniq_sonja
Lair:4:   layout_cave_pods
Lair:5:   evilmike_catoblepas_cave, layout_long_grid,
          minmay_slime_entry_jelly_boxes, ebering_ghost_rock_garden,
          minmay_lair_drake_nest, lemuel_fruit_fields
Shoals:1: cheibrodos_shoals_gigantism, layout_shoals,
          nicolae_shoals_kraken_intersection
Shoals:2: layout_shoals
Orc:1:    layout_diamond_mine, serial_shops, nicolae_shop_bloodbath_and_beyond,
          nicolae_shop_waterfront, shop_fountains, nicolae_shop_window_shopping,
          nicolae_shop_hallway_plus, uniq_maurice
Orc:2:    st_orc_open, layout_caves, uniq_nessos

Skill      XL: |  1  2  3  4  5  6  7  8  9 10 11 12 13 14 15 |
---------------+----------------------------------------------+-----
Axes           | 4 5 6 7 9 11 13 16 18 20 22 | 22.7
Fighting       | 4 5 7 8 9 10 | 10.0
Armour         | 3 4 5 6 8 10 13 16 | 16.5
Dodging        | 3 4 5 6 9 10 | 10.7
Evocations     | 2 4 5 |  5.0
Ranged Weapons | 3 10 12 | 12.9

Action                   |  1- 3 |  4- 6 |  7- 9 | 10-12 | 13-15 | 16-18 || total
-------------------------+-------+-------+-------+-------+-------+-------++-------
Melee: Hand axe          |    54 |    76 |       |       |       |       ||   130
       Headbutt          |    10 |    13 |    43 |    85 |   208 |     6 ||   365
       Punch             |       |     3 |     1 |     4 |    12 |       ||    20
       Broad axe         |       |    19 |   153 |   334 |   476 |       ||   982
       Sling             |       |       |       |       |     1 |       ||     1
       Executioner's axe |       |       |       |       |   280 |    21 ||   301
 Fire: Sling             |       |       |       |       |   243 |     1 ||   244
Invok: Berserk           |     1 |     3 |     5 |    16 |    17 |     1 ||    43
       Trog's Hand       |       |       |     1 |     4 |     5 |     1 ||    11
       Brothers in Arms  |       |       |       |     1 |     1 |     1 ||     3
  Use: Scroll            |     3 |     6 |     6 |     7 |    14 |     2 ||    38
       Potion            |       |       |       |     1 |     5 |       ||     6
Armor: Animal skin       |    10 |     3 |       |       |       |       ||    13
       Scale mail        |       |    44 |    72 |     9 |       |       ||   125
       Plate armour      |       |       |       |   211 |   466 |    35 ||   712
       Skin              |       |       |       |       |     4 |       ||     4
Dodge: Dodged            |    36 |    73 |   124 |   174 |   513 |    47 ||   967
